Map: Lost and Found LE

Players

Namshar - Winner!

  • Race: Zerg Zerg
  • Spawn Location: 7:00

LiquidTLO (TLO)

  • Race: Zerg Zerg
  • Spawn Location: 1:00

Event: WCS Montreal 2018

VOD

Have the link to the VOD?

Description

Time

  • Played on: Sept. 7, 2018, 3:49 p.m.
  • Length: 9:57

All games in this series

Show
View Real Time Build Order
Export as new Build Order

Namshar Zerg - Winner!

Build Orders: Pool First 

Get SALT Encoding   

  12  0:00  Drone  
  13  0:12  Overlord  
  13  0:16  Drone  
  14  0:30  Drone x2  
  16  0:40  Spawning Pool  
  15  0:44  Drone  
  15  0:47  Drone  
  17  1:08  Hatchery  
  17  1:10  Drone  
  17  1:26  Zergling x4  
  17  1:27  Zergling x2  
  17  1:29  Queen  
  17  1:31  Extractor  
  21  1:38  Overlord  
  21  1:51  Drone  
  22  2:04  Drone  
  22  2:05  Queen  
  25  2:10  Drone  
  26  2:21  Drone  
  26  2:22  Drone  
  28  2:36  Drone  
  29  2:37  Drone  
  29  2:40  Metabolic Boost  
  29  2:43  Drone x2  
  30  2:46  Drone x2  
  32  2:51  Overlord  
  32  3:02  Baneling Nest  
  32  3:03  Hatchery  
  30  3:10  Overlord  
  30  3:13  Drone x2  
  30  3:16  Drone  
  30  3:18  Zergling x2  
  30  3:19  Zergling x2  
  35  3:30  Drone  
  35  3:33  Drone  
  36  3:39  Drone x3  
  36  3:40  Zergling x2  
  36  3:41  Zergling x4  
  42  3:46  Zergling x2  
  43  3:56  Overlord  
  43  3:59  Overlord  
  43  4:10  Evolution Chamber  
  43  4:13  Queen  
  43  4:14  Drone x4  
  47  4:18  Zergling x12  
  52  4:27  Drone x2  
  50  4:34  Zergling x2  
  50  4:35  Drone x3  
  50  4:36  Zerg Missile Weapons Level 1, Lair  
  48  4:39  Drone  
  48  4:40  Extractor  
  48  4:42  Drone  
  49  4:46  Drone  
  49  4:49  Roach Warren  
  49  4:52  Drone  
  50  4:53  Drone  
  50  4:56  Drone  
  50  4:57  Baneling x2  
  52  5:02  Drone x2  
  52  5:04  Drone x3  
  57  5:10  Drone  
  57  5:11  Drone x2  
  56  5:23  Drone  
  56  5:24  Drone x5  
  60  5:30  Zergling x6  
  60  5:31  Zergling x4  
  60  5:33  Glial Reconstitution  
  64  5:38  Extractor  
  64  5:40  Overlord x2  
  60  5:43  Extractor, Drone x3  
  60  5:44  Drone  
  63  5:51  Drone x2  
  63  5:56  Drone  
  63  5:57  Drone x2  
  66  6:00  Drone x7  
  73  6:04  Baneling x2  
  73  6:08  Drone x2  
  75  6:17  Pneumatized Carapace  
  74  6:19  Evolution Chamber  
  73  6:30  Extractor, Drone x2  
  73  6:31  Extractor  
  73  6:32  Roach  
  78  6:33  Roach x5  
  78  6:34  Overlord x3  
  78  6:36  Zerg Missile Weapons Level 2  
  80  6:44  Drone x2  
  82  6:51  Hatchery  
  82  6:53  Drone  
  82  6:54  Drone  
  83  6:55  Overlord x2, Zerg Ground Armor Level 1  
  83  7:01  Drone  
  83  7:02  Roach x2  
  83  7:03  Roach  
  90  7:10  Roach x5  
  90  7:13  Overseer  
  100  7:28  Roach  
  100  7:29  Roach x8  
  118  7:31  Drone  
  118  7:32  Queen  
  119  7:52  Overlord x3  
  119  7:53  Overlord x4  
  119  7:55  Burrow, Tunneling Claws  
  119  7:57  Extractor  
  118  7:58  Drone x2  
  118  7:59  Drone  
  118  8:00  Drone  
  118  8:04  Roach x3  
  128  8:06  Overlord x2  
  128  8:13  Ravager x2  
  128  8:14  Ravager  
  128  8:15  Ravager  
  128  8:16  Ravager  
  128  8:17  Roach x4  
  141  8:23  Roach x4  
  149  8:35  Roach x9  
  153  8:49  Roach x6  
  153  8:50  Roach x3  
  167  8:58  Ravager  
  167  8:59  Ravager  
  167  9:00  Roach x4  
  177  9:04  Roach  
  177  9:05  Roach x3  
  183  9:15  Roach x12  
  183  9:18  Roach x4  
  183  9:19  Overlord  
  183  9:20  Overlord  
  191  9:28  Roach x12  
  189  9:36  Roach x2  
  189  9:47  Hydralisk Den  
Show
View Real Time Build Order
Export as new Build Order

LiquidTLO Zerg 

Build Orders: Hatch First, Zergling Baneling 

Get SALT Encoding   

  12  0:00  Drone  
  13  0:08  Drone  
  14  0:16  Overlord  
  14  0:35  Drone x2  
  16  0:47  Hatchery  
  15  0:50  Drone  
  15  0:54  Drone  
  17  0:58  Drone  
  18  1:04  Extractor  
  17  1:13  Spawning Pool  
  17  1:16  Drone  
  17  1:19  Drone  
  18  1:28  Drone  
  19  1:39  Drone  
  20  1:50  Overlord  
  20  1:59  Drone  
  20  2:00  Queen x2  
  25  2:04  Metabolic Boost  
  25  2:06  Drone  
  26  2:10  Zergling x2  
  26  2:12  Drone  
  28  2:20  Drone  
  30  2:22  Drone  
  30  2:32  Zergling x2  
  30  2:33  Spore Crawler, Zergling x2  
  30  2:44  Drone  
  30  2:47  Drone  
  32  2:54  Drone x2  
  34  3:03  Overlord  
  34  3:05  Hatchery  
  34  3:11  Baneling Nest  
  34  3:12  Drone  
  33  3:14  Drone  
  33  3:18  Overlord  
  34  3:22  Zergling x4  
  34  3:26  Drone  
  34  3:27  Drone  
  37  3:30  Drone  
  37  3:37  Drone, Zergling x2  
  37  3:38  Drone  
  37  3:39  Drone  
  41  3:42  Drone  
  41  3:45  Drone  
  41  3:47  Drone  
  44  3:51  Queen  
  44  3:52  Drone  
  44  3:54  Baneling  
  44  3:55  Baneling  
  47  3:57  Evolution Chamber  
  47  3:59  Baneling  
  47  4:01  Zergling x2  
  47  4:04  Overlord  
  47  4:08  Baneling x2  
  47  4:09  Zergling x4  
  49  4:11  Drone  
  49  4:12  Drone  
  50  4:18  Baneling x3  
  50  4:20  Zergling x4  
  51  4:24  Drone  
  51  4:26  Extractor  
  51  4:27  Extractor  
  51  4:28  Zergling x2  
  51  4:29  Zergling x2  
  51  4:32  Drone  
  51  4:35  Drone x2, Roach Warren  
  51  4:36  Drone  
  52  4:39  Baneling  
  52  4:40  Baneling, Drone x2  
  52  4:45  Drone  
  55  4:47  Drone  
  55  4:51  Drone  
  56  4:57  Drone  
  57  5:00  Drone  
  57  5:02  Drone  
  57  5:04  Drone x2  
  57  5:06  Lair, Drone  
  60  5:07  Drone  
  60  5:08  Drone  
  60  5:09  Drone x2  
  60  5:10  Drone  
  60  5:11  Zergling x2  
  60  5:12  Drone  
  60  5:13  Drone  
  65  5:15  Drone  
  65  5:20  Baneling x2  
  56  5:24  Drone, Queen  
  56  5:25  Drone  
  56  5:26  Drone  
  56  5:28  Drone  
  59  5:29  Drone  
  59  5:32  Baneling  
  59  5:33  Baneling  
  59  5:34  Drone  
  59  5:35  Drone  
  62  5:36  Drone  
  62  5:38  Drone  
  62  5:39  Drone  
  62  5:41  Drone  
  65  5:44  Overlord  
  65  5:46  Zerg Missile Weapons Level 1  
  65  5:49  Overlord  
  65  5:50  Drone  
  65  5:54  Zergling x2  
  66  6:02  Extractor  
  66  6:03  Extractor  
  64  6:06  Glial Reconstitution  
  64  6:08  Roach x2  
  64  6:10  Roach x2  
  71  6:12  Drone x3  
  74  6:18  Drone  
  74  6:20  Roach  
  74  6:24  Drone  
  74  6:25  Drone  
  76  6:26  Drone  
  76  6:27  Drone  
  76  6:30  Drone  
  76  6:32  Drone x2  
  74  6:33  Drone x2  
  74  6:34  Drone x2  
  74  6:36  Roach  
  78  6:45  Hatchery  
  77  6:48  Drone  
  77  6:52  Overlord  
  78  6:55  Overlord  
  78  6:58  Roach, Evolution Chamber  
  78  7:00  Drone  
  78  7:01  Drone  
  81  7:04  Extractor  
  81  7:06  Drone  
  81  7:07  Hydralisk Den, Drone  
  81  7:09  Overlord  
  81  7:12  Drone x3  
  81  7:14  Roach  
  86  7:17  Roach  
  86  7:18  Roach  
  86  7:19  Roach  
  86  7:22  Roach  
  94  7:23  Roach  
  94  7:27  Zerg Ground Armor Level 1  
  94  7:28  Drone  
  97  7:31  Roach  
  97  7:36  Grooved Spines  
  99  7:37  Hydralisk  
  99  7:38  Hydralisk  
  99  7:39  Hydralisk  
  105  7:45  Overlord  
  105  7:48  Overlord  
  105  7:50  Overlord  
  101  7:52  Overlord  
  101  7:56  Lurker Den, Ravager  
  101  7:57  Hydralisk, Ravager x4  
  107  7:59  Roach  
  107  8:00  Drone  
  107  8:01  Drone  
  107  8:05  Roach x2  
  115  8:07  Roach  
  117  8:15  Roach  
  117  8:16  Roach  
  117  8:18  Drone  
  124  8:20  Roach x2  
  124  8:22  Roach  
  128  8:28  Roach x3  
  128  8:30  Unknown, Roach  
  128  8:31  Unknown  
  136  8:35  Roach x3  
  136  8:37  Overlord, Drone  
  143  8:46  Roach  
  141  8:48  Roach  
  141  8:52  Roach x2  
  143  8:55  Overlord  
  143  8:56  Overlord  
  143  8:57  Pneumatized Carapace  
  143  8:58  Roach x2  
  143  9:00  Ravager  
  148  9:05  Overlord  
  146  9:10  Overlord  
  146  9:12  Overlord x3  
  146  9:18  Roach x6  
  146  9:19  Roach  
  160  9:29  Overseer x2  
  160  9:31  Roach x4  
  167  9:32  Roach  
  167  9:35  Roach  
  167  9:37  Roach  
  167  9:38  Roach x2  
Tags
 
Add a new tag
Caveats
  • Supply blocks, unpowered buildings, or Contaminate may cause inaccurate times.
  • Supply counts are checked every 10 seconds.